 Dungeon Crawl Stone Soup version 0.17.0-56-gd8de76c (webtiles) character file.

114 root the Caller (level 5, -1/35 HPs)
             Began as a Human Summoner on Dec 7, 2015.
             Was an Initiate of Sif Muna.
             Slain by a centaur
             ... wielding a cursed -3 shortbow
              (9 damage)
             ... on level 2 of the Dungeon.
             The game lasted 00:20:22 (2488 turns).

root the Caller (Human Summoner)                    Turns: 2488, Time: 00:20:23

Health: -1/35      AC:  7    Str:  8    XL:     5   Next: 19%
Magic:  0/9        EV: 13    Int: 16    God:    Sif Muna [......]
Gold:   89         SH:  0    Dex: 14    Spells: 3 memorised, 2 levels left

rFire  + . .     SeeInvis .     r - +2 flail (protect)
rCold  . . .     Clarity  .     a - +0 robe
rNeg   . . .     SustAt   .     (no shield)
rPois  .         Gourm    .     (no helmet)
rElec  .         Spirit   .     (no cloak)
rCorr  .         Warding  .     (no gloves)
rMut   .         Stasis   .     (no boots)
MR     .....                    (no amulet)
Stlth  ++........               (no ring)
                                i - ring of protection from fire

@: not resistant to hostile enchantments, unstealthy
A: no striking features
a: Renounce Religion


You were on level 2 of the Dungeon.
You worshipped Sif Muna.
Sif Muna was noncommittal.
You were not hungry.

You visited 1 branch of the dungeon, and saw 3 of its levels.

You collected 89 gold pieces.

Inventory:

Hand Weapons
 h - a +0 mace
 r - a +2 flail of protection (weapon)
Missiles
 n - 23 arrows
Armour
 a - a +0 robe (worn)
Jewellery
 i - a ring of protection from fire (left hand)
Wands
 p - a wand of polymorph (16)
 q - a wand of frost (24)
Scrolls
 e - 3 scrolls of remove curse {unknown}
 f - 3 scrolls of teleportation {unknown}
 g - 2 scrolls of enchant armour {unknown}
 j - 3 scrolls of identify {unknown}
 s - a scroll of magic mapping {unknown}
Potions
 d - a potion of haste {unknown}
 k - a potion of degeneration {unknown}
 l - a potion of brilliance {unknown}
Books
 b - a book of Callings

   Spells                             Type                      Level
   a - Summon Small Mammal            Summoning                    1
   b - Call Imp                       Summoning                    2
   c - Call Canine Familiar           Summoning                    3
   d - Summon Guardian Golem          Hexes/Summoning              3
   e - Summon Lightning Spire         Summoning/Air                4
   f - Summon Ice Beast               Ice/Summoning                4
Comestibles
 c - 3 bread rations
 m - a slice of pizza
 o - 2 meat rations
 t - 2 chunks of flesh


   Skills:
 + Level 3.1 Dodging
 - Level 2.8 Stealth
 + Level 2.7 Spellcasting
 + Level 4.5 Summonings
 + Level 0.8 Ice Magic


You had 2 spell levels left.
You knew the following spells:

 Your Spells              Type           Power        Failure   Level  Hunger
a - Summon Small Mammal   Summ           ###.         3%          1    #......
b - Call Imp              Summ           ###.....     6%          2    ##.....
c - Summon Ice Beast      Ice/Summ       ##......     75%         4    #####..


Dungeon Overview and Level Annotations

Branches:
Dungeon (3/15)

Altars:
Elyvilon
Sif Muna


Message History

Orders for allies: a - Attack new target. r - Retreat! s - Stop attacking. w - Wait here. f - Follow me.
Anything else - Stay silent.
Wait here!
The centaur barely misses your iron imp.
Your iron imp hits the centaur!
The centaur hits your iron imp with a shortbow.
The centaur hits your iron imp with a shortbow.
Your iron imp dies!
Casting: Call Imp
Confirm with . or Enter, or press ? or * to list all spells.
The centaur hits you with a shortbow.
* * * LOW HITPOINT WARNING * * *
You hit the centaur.
The centaur is almost dead.
Your bat closely misses the centaur.
Your bat hits the centaur but does no damage.
The centaur hits you with a shortbow!
You die...

###.# #.# #>............# ....#
#.# #(#.###.#####.# ###.####c####
#.#.###.# #.# #....)(...#
#.#§#...# #.# #.####(##.#
#.#.#.#.# #.### #.# #§##.#
#.#.#.#.#####...# #.# #(##.#
#.#.#.#.÷....†...
#.####.##########.#.####.#.....
##......c....#.@...#............
#...###..###.#c###.............#
###.# ####...#b..#...###..#†....
♣♣##.## #.#####c##.(# #..#..###
♣.....## #...c...#...###..#..#
.......####.#####.##..........#
..≈≈≈.....#.(.#(..##.####..##.###
.≈≈≈≈≈....###.#.####.# #........
.≈≈♣≈≈........#......#####.##.###


You could see a centaur and a friendly bat.

Vanquished Creatures
  Natasha (twice) (D:2)
  A ball python (D:2)
  3 giant cockroaches
  4 hobgoblins (D:1)
  4 bats
  A giant newt (D:2)
  6 goblins
  4 rats
25 creatures vanquished.

Vanquished Creatures (collateral kills)
  Jessica (D:2)
  Terence (D:2)
  2 adders
  3 worms
  A giant gecko (D:2)
  Natasha (D:2)
  2 bats
  3 giant cockroaches
  6 goblins
  A hobgoblin (D:1)
  A giant newt (D:2)
  4 kobolds
  2 rats
28 creatures vanquished.

Grand Total: 53 creatures vanquished

Notes
Turn   | Place    | Note
--------------------------------------------------------------
     0 | D:1      | root the Human Summoner began the quest for the Orb.
     0 | D:1      | Reached XP level 1. HP: 13/13 MP: 3/3
   267 | D:1      | Reached XP level 2. HP: 17/19 MP: 5/5
   314 | D:1      | Learned a level 2 spell: Call Imp
  1096 | D:2      | Noticed Jessica
  1112 | D:2      | Killed Jessica
  1112 | D:2      | Reached XP level 3. HP: 17/24 MP: 1/6
  1209 | D:2      | Found a deep blue altar of Sif Muna.
  1227 | D:2      | Became a worshipper of Sif Muna the Loreminder
  1267 | D:2      | Noticed Terence
  1289 | D:2      | Killed Terence
  1491 | D:2      | Found a white marble altar of Elyvilon.
  1503 | D:2      | Reached XP level 4. HP: 30/30 MP: 1/7
  1509 | D:2      | Noticed Natasha
  1517 | D:2      | Killed Natasha
  1588 | D:2      | Learned a level 4 spell: Summon Ice Beast
  1702 | D:2      | Noticed Natasha
  1707 | D:2      | Killed Natasha
  1906 | D:2      | Noticed Natasha
  1913 | D:2      | Killed Natasha
  2351 | D:3      | Reached XP level 5. HP: 35/35 MP: 9/9
  2429 | D:3      | Noticed a centaur
  2488 | D:2      | Slain by a centaur

Action                   |  1- 3 |  4- 6 || total
-------------------------+-------+-------++-------
Melee: Mace              |    39 |       ||    39
       Unarmed           |     3 |       ||     3
       Flail             |     1 |    37 ||    38
 Cast: Summon Small Mamm |    19 |     2 ||    21
       Call Imp          |     9 |    23 ||    32
 Stab: Sleeping          |     2 |     3 ||     5
       Distracted        |     1 |     1 ||     2
  Eat: Chunk             |     2 |     5 ||     7
